 Dungeon Crawl Stone Soup version 0.30-a0-373-gd37427bb62 (webtiles) character file.

Game seed: 17140168369065168533

333 pokeman the Magician (level 6, 0/34 HPs)
             Began as a Deep Elf Hedge Wizard on Nov 24, 2022.
             Slain by a gnoll
             ... wielding a +0 flail
              (8 damage)
             ... on level 4 of the Dungeon.
             The game lasted 00:05:34 (3943 turns).

pokeman the Magician (Deep Elf Hedge Wizard)        Turns: 3943, Time: 00:05:35

Health: 0/34       AC:  4    Str:  7    XL:     6   Next: 27%
Magic:  1/17       EV: 12    Int: 21    God:
Gold:   121        SH:  0    Dex: 14    Spells: 10/18 levels left

rFire   . . .      SeeInvis .    t - +3 quarterstaff (chaos)
rCold   . . .      Faith    .    (shield currently unavailable)
rNeg    . . .      Spirit   .    k - +0 leather armour
rPois   .          Reflect  .    c - +0 hat
rElec   .          Harm     .    u - +0 cloak
rCorr   .          Rampage  .    (no gloves)
Will    .....                    (no boots)
Stlth   ++........               (no amulet)
HPRegen 0.25/turn                (no ring)
MPRegen 0.15/turn                (no ring)

@: no status effects
A: no striking features
a: no special abilities


You were on level 4 of the Dungeon.
You visited 1 branch of the dungeon, and saw 4 of its levels.

You collected 121 gold pieces.

Inventory:

Hand Weapons
 t - a +3 quarterstaff of chaos (weapon)
Missiles
 g - 3 curare-tipped darts
Armour
 c - a +0 hat (worn)
 k - a +0 leather armour (worn)
 u - a +0 cloak (worn)
Jewellery
 r - an amulet of faith
Wands
 s - a wand of roots (8)
Scrolls
 a - a scroll of immolation {unknown}
 b - a scroll of amnesia {unknown}
 e - a scroll of fog {unknown}
 f - a scroll of fear {unknown}
 i - a scroll of acquirement {unknown}
 j - 2 scrolls of identify {unknown}
 m - a scroll of torment {unknown}
 o - 2 scrolls of noise {unknown}
 q - 2 scrolls of enchant armour {unknown}
 v - a scroll of silence {unknown}
Potions
 d - a potion of magic
 h - 2 potions of degeneration {unknown}
 l - 2 potions of heal wounds {unknown}
 n - a potion of mutation {unknown}
 p - a potion of curing {unknown}


   Skills:
 + Level 1.2 Fighting
 - Level 1.0 Armour
 - Level 3.0 Dodging
 - Level 3.1 Stealth
 * Level 6.9 Spellcasting
 + Level 3.2 Conjurations
 - Level 1.1 Summonings
 - Level 1.1 Translocations
 - Level 1.1 Air Magic
 - Level 1.0 Poison Magic
 + Level 1.1 Evocations


You had 10 spell levels left.
You knew the following spells:

 Your Spells              Type           Power      Damage    Failure   Level
a - Magic Dart            Conj           80%        1d7       3%          1
b - Mephitic Cloud        Conj/Pois/Air  14%        N/A       19%         3
c - Call Imp              Summ           11%        N/A       12%         2
d - Blink                 Tloc           22%        N/A       12%         2

Your spell library contained the following spells:

 Spells                   Type           Power      Damage    Failure   Level
 Apportation              Tloc           22%        N/A       9%          1
 Static Discharge         Conj/Air       32%        2-4/arc   9%          2
 Slow                     Hex            28%        N/A       13%         1
 Cigotuvi's Dreadful Rot  Necr/Pois/Air  20%        N/A       14%         2
 Vhi's Electric Charge    Tloc/Air       22%        N/A       24%         3
 Arcjolt                  Conj/Air       8%         1d18      83%         5
 Lightning Bolt           Conj/Air       8%         1d20      83%         5
 Alistair's Intoxication  Tmut/Pois      6%         N/A       96%         5


Dungeon Overview and Level Annotations

Branches:
Dungeon (4/15)
 Temple: D:4-7

Altars:


Message History

Unknown command.
Casting: Mephitic Cloud (quite dangerous; 19% risk of failure)
Confirm with . or Enter, or press ? or * to list all spells.
Aiming: Magic Dart (safe; 3% risk of failure)
Press: ? - help, Shift-Dir - straight line, f/p - goblin
Aim: a goblin, wielding a +0 dagger (noxious fumes, confused, 100% to hit)
The magic dart hits the goblin.
You kill the goblin!
The gnoll is engulfed in noxious fumes.
The gnoll appears confused.
Casting: Magic Dart (safe; 3% risk of failure)
Confirm with . or Enter, or press ? or * to list all spells.
Aiming: Magic Dart (safe; 3% risk of failure)
Press: ? - help, Shift-Dir - straight line, f - gnoll
Aim: a gnoll, wielding a +0 flail (noxious fumes, lightly wounded, confused, 100% to hit)
The magic dart hits the gnoll.
The gnoll is moderately wounded.
You feel stable enough to blink again.
The gnoll is engulfed in noxious fumes.
The gnoll appears confused.
Casting: Magic Dart (safe; 3% risk of failure)
Confirm with . or Enter, or press ? or * to list all spells.
Aiming: Magic Dart (safe; 3% risk of failure)
Press: ? - help, Shift-Dir - straight line, f/p - gnoll
Aim: a gnoll, wielding a +0 flail (moderately wounded, confused, 100% to hit)
The magic dart hits the gnoll.
The gnoll is severely wounded.
Casting: Magic Dart (safe; 3% risk of failure)
Confirm with . or Enter, or press ? or * to list all spells.
Aiming: Magic Dart (safe; 3% risk of failure)
Press: ? - help, Shift-Dir - straight line, f/p - gnoll
Aim: a gnoll, wielding a +0 flail (severely wounded, confused, 100% to hit)
The magic dart hits the gnoll but does no damage.
The gnoll is severely wounded.
Casting: Magic Dart (safe; 3% risk of failure)
Confirm with . or Enter, or press ? or * to list all spells.
You don't have enough magic to cast this spell.
Unknown command.
You hit the gnoll.
You feel better.
The gnoll is severely wounded.
The gnoll hits you with a +0 flail!
You die...

.$ ### .. ....#
####### ##.
......#.....##..
#....../.....#
+.....@.....#
#.....g.))†.#
..........)(<.#
............).#
................
..........>...###
.............##
.....#.....##
#...##


You could see a gnoll (confused).

Vanquished Creatures
  A hound (D:4)
  An orc priest (D:3)
  Natasha (thrice) (D:2)
  An orc wizard (D:3)
  3 gnolls (D:4)
  5 adders (D:2)
  A worm (D:2)
  A dart slug (D:2)
  6 orcs (D:3)
  3 bats
  5 endoplasms
  5 giant cockroaches
  5 hobgoblins
  3 kobolds
  2 quokkas (D:1)
  5 ball pythons
  8 frilled lizards
  9 goblins
  4 rats
71 creatures vanquished.

Vanquished Creatures (collateral kills)
  Crazy Yiuf (D:2)
1 creature vanquished.

Grand Total: 72 creatures vanquished

Notes
Turn   | Place    | Note
-------+----------+-------------------------------------------
     0 | D:1      | pokeman the Deep Elf Hedge Wizard began the quest for the
                  | Orb.
     0 | D:1      | Reached XP level 1. HP: 10/10 MP: 7/7
   332 | D:1      | Reached XP level 2. HP: 14/15 MP: 3/9
  1320 | D:2      | Reached skill level 5 in Spellcasting
  1375 | D:2      | Reached XP level 3. HP: 20/20 MP: 5/11
  1379 | D:2      | Learned a level 3 spell: Mephitic Cloud
  1382 | D:2      | Learned a level 2 spell: Call Imp
  1385 | D:2      | Learned a level 2 spell: Blink
  1638 | D:2      | Reached skill level 1 in Armour
  1805 | D:2      | Reached skill level 1 in Fighting
  1955 | D:2      | Reached XP level 4. HP: 25/25 MP: 8/13
  2067 | D:2      | Noticed Natasha
  2075 | D:2      | Killed Natasha
  2459 | D:2      | Found a runed translucent door.
  2460 | D:2      | Noticed Crazy Yiuf
  2601 | D:2      | Noticed Natasha
  2613 | D:2      | Killed Natasha
  2614 | D:2      | Reached skill level 6 in Spellcasting
  2614 | D:2      | Reached skill level 1 in Air Magic
  2614 | D:2      | Reached XP level 5. HP: 9/29 MP: 1/15
  2729 | D:2      | Noticed Natasha
  2740 | D:2      | Killed Natasha
  2908 | D:2      | Killed Crazy Yiuf
  3182 | D:3      | Reached skill level 1 in Poison Magic
  3560 | D:3      | Reached XP level 6. HP: 34/34 MP: 15/17
  3931 | D:4      | Reached skill level 1 in Evocations
  3943 | D:4      | Slain by a gnoll

Illustrated notes

Levels and vault maps discovered:
D:1:      reono_arrival_mine, layout_basic
D:2:      layout_basic, uniq_crazy_yiuf_cottage, uniq_natasha
D:3:      layout_rooms
D:4:      layout_rooms, mainiacjoe_overflow_small_starburst, kennysheep_mini,
          kennysheep_mini_moat, hangedman_decor_riveting

Skill      XL: |  1  2  3  4  5  6 |
---------------+-------------------+-----
Spellcasting   | 5 6 |  6.9
Armour         | 1 |  1.0
Conjurations   | 2 3 |  3.2
Fighting       | 1 |  1.2
Dodging        | 3 |  3.0
Air Magic      | 1 |  1.1
Poison Magic   | 1 |  1.0
Stealth        | 3 |  3.1
Evocations     | 1 |  1.1
Summonings     | |  1.1
Translocations | |  1.1

Action                   |  1- 3 |  4- 6 || total
-------------------------+-------+-------++-------
Melee: Dagger            |     6 |    10 ||    16
       Quarterstaff      |       |    21 ||    21
 Cast: Magic Dart        |    84 |    99 ||   183
       Mephitic Cloud    |     1 |     7 ||     8
       Call Imp          |       |     2 ||     2
       Blink             |       |     1 ||     1
 Stab: Confused          |       |     7 ||     7
Armor: Robe              |     1 |       ||     1
       Leather armour    |     2 |     8 ||    10
Dodge: Dodged            |     1 |    36 ||    37

Table legend: (Time is in decaauts)
 A = Elapsed time spent in this place.
 B = Non-inter-level travel time spent in this place.
 C = Inter-level travel time spent in this place.
 D = Time resting spent in this place.
 E = Time spent auto-exploring this place.
 F = Levels seen in this place.
 G = Mean time per level.
                   A        B        C        D        E       F      G
               +--------+--------+--------+--------+--------+-----+--------+
         Total |   3956 |   3828 |    128 |     64 |   3332 |   4 |  989.0 |
       Dungeon |   3956 |   3828 |    128 |     64 |   3332 |   4 |  989.0 |
               +--------+--------+--------+--------+--------+-----+--------+

Top non-repeatable levels by time:
     D:2: 1770 daAuts
     D:1: 1270 daAuts
     D:3: 882 daAuts
     D:4: 34 daAuts
